 Dungeon Crawl Stone Soup version 0.18.1-50-g88ac8fd (webtiles) character file.

30643 magog001 the Cleaver (level 13, -3/130 HPs)
             Began as a Minotaur Fighter on July 25, 2018.
             Was an Elder of Nemelex Xobeh.
             Slain by a frost giant
             ... wielding a +2 battleaxe of freezing
              (29 damage)
             ... on level 15 of the Dungeon on July 31, 2018.
             The game lasted 01:36:10 (14767 turns).

magog001 the Cleaver (Minotaur Fighter)            Turns: 14767, Time: 01:36:11

Health: -3/130     AC: 23    Str: 38    XL:     13   Next: 21%
Magic:  11/11      EV:  9    Int:  5    God:    Nemelex Xobeh [****..]
Gold:   438        SH: 16    Dex: 12    Spells: 0 memorised, 12 levels left

rFire  . . .     SeeInvis .     k - +4 hand axe (vamp)
rCold  . . .     Gourm    .     p - +5 chain mail of Bycom {*Corrode rPois MR++ Str+10}
rNeg   . . .     Faith    .     w - +1 shield {rPois}
rPois  +         Spirit   .     (helmet restricted)
rElec  +         Dismiss  .     u - +1 cloak
rCorr  +         Reflect  .     s - +0 pair of gloves
SustAt +         Harm     .     t - +0 pair of boots
MR     ++...                    (no amulet)
Stlth  ..........               A - ring of resist corrosion
                                S - ring of sustain attributes

@: about to teleport, very resistant to hostile enchantments, extremely
unstealthy
A: retaliatory headbutt, horns 2, agile 1, low mp 1, regeneration 1, robust 1,
electricity resistance, strong 1
a: Triple Draw, Deal Four, Renounce Religion


You were on level 15 of the Dungeon.
You worshipped Nemelex Xobeh.
Nemelex Xobeh was greatly pleased with you.
You were not hungry.

You visited 2 branches of the dungeon, and saw 16 of its levels.

You collected 985 gold pieces.
You spent 547 gold pieces at shops.

Inventory:

Hand Weapons
 k - a +4 vampiric hand axe (weapon)
Missiles
 r - a javelin
 B - 2 tomahawks of returning
 H - a throwing net (quivered)
Armour
 p - the +5 chain mail of Bycom (worn) {*Corrode rPois MR++ Str+10}
   (You found it on level 8 of the Dungeon)

   It affects your strength (+10).
   It protects you from poison.
   It affects your resistance to hostile enchantments.
   It may corrode you when you take damage.
 s - a +0 pair of gloves (worn)
 t - a +0 pair of boots (worn)
 u - a +1 cloak (worn)
 w - a +1 shield of poison resistance (worn)
Jewellery
 A - a ring of resist corrosion (right hand)
 Q - an uncursed ring of see invisible
 S - a ring of sustain attributes (left hand)
Wands
 a - a wand of digging (13/24)
 c - a wand of teleportation (0/9)
 h - a wand of iceblast (15/15)
 l - a wand of polymorph (7/24)
 N - a wand of iceblast (2/15)
 R - a wand of lightning (0/15)
 X - a wand of digging (8/24)
Scrolls
 m - 3 scrolls of identify
 n - 4 scrolls of fear
 q - 5 scrolls of teleportation
 v - a scroll of blinking {unknown}
 z - 2 scrolls of magic mapping
 D - 6 scrolls of remove curse
 F - 2 scrolls of fog
 K - 3 scrolls of silence {unknown}
 L - 3 scrolls of recharging
 O - a scroll of enchant armour {unknown}
Potions
 d - 3 potions of might
 e - a potion of lignification
 g - 2 potions of brilliance
 j - 6 potions of curing
 x - 2 potions of agility {unknown}
 E - a potion of flight
 M - a potion of resistance {unknown}
Miscellaneous
 b - a plain deck of escape
 i - an ornate deck of destruction {drawn: 1}
 y - a crystal ball of energy
 C - a plain deck of war {drawn: 1}
 P - a plain deck of war
 T - a sack of spiders {used: 1}
 U - a plain deck of destruction
 V - a plain deck of war
 W - a plain deck of destruction
 Z - an ornate deck of escape
Comestibles
 f - 7 bread rations
 G - 7 beef jerkies
 I - 3 meat rations
 J - 2 chunks of flesh


   Skills:
 * Level 12.9 Fighting
 * Level 14.2 Axes
 + Level 1.6 Throwing
 * Level 13.2 Armour
 - Level 0.4 Dodging
 - Level 0.3 Stealth
 * Level 13.5 Shields
 + Level 1.8 Evocations


You had 12 spell levels left.
You didn't know any spells.

Dungeon Overview and Level Annotations

Branches:
Dungeon (15/15)            Temple (1/1) D:5            Lair (0/8) D:11
    Orc (0/2) D:12         Vaults (0/5) D:13         Depths (0/5) D:15

Altars:
Ashenzari
Cheibriados
Dithmenos
Elyvilon
Fedhas
Gozag
Kikubaaqudgha
Makhleb
Nemelex Xobeh
Okawaru
Pakellas
Qazlal
Ru
Sif Muna
Trog
Vehumet
Xom
Yredelemnul
Zin
The Shining One

Shops:
D:8 (?(   D:10 **   D:11 !   D:13 (

Portals:
Trove: D:12 (give +6 demon trident)

Annotations:
D:7 exclusion: ice statue


Innate Abilities, Weirdness & Mutations

You reflexively headbutt those who attack you in melee.
You have a pair of horns on your head.
You are agile. (Dex +2)
Your magical capacity is low (-10% MP).
Your natural rate of healing is unusually fast.
You are robust (+10% HP).
You are resistant to electric shocks.
Your muscles are strong. (Str +2)


Message History

Evoking this partially-identified wand wasted a few charges.
You block the centaur warrior's attack. You block the crimson imp's attack.
The yaktaur shoots a bolt.
The bolt hits you!
* * * LOW HITPOINT WARNING * * *
The frost giant hits you with a battleaxe of freezing!!
* * * LOW HITPOINT WARNING * * *
The frost giant freezes you.
* * * LOW HITPOINT WARNING * * *
Drink which item? (? for menu, Esc to quit)
You feel much better. You block the centaur warrior's attack.
The crimson imp hits you but does no damage.
The centaur warrior hits you but does no damage.
The yaktaur shoots a bolt.
The bolt hits you!!
* * * LOW HITPOINT WARNING * * *
Drink which item? (? for menu, Esc to quit)
You feel better. You block the crimson imp's attack.
The centaur warrior hits you but does no damage.
The frost giant hits you with a battleaxe of freezing!!
You die...
Your body glows slightly and disappears.

###########
...c....≈≈#
#≈≈≈#.≈#
#C@..(.###
#.>.'c5≈##.'.#
#...#......#.#
#'# #≈≈≈#.≈#.#
# ......≈≈#.#
##########.#
##.# #..# #.##


You could see a frost giant, a centaur warrior, a yaktaur and a crimson imp.

Vanquished Creatures
  A spark wasp (D:14)
  A yaktaur captain (D:14)
  A hydra (D:13)
  A rakshasa (D:15)
  A centaur warrior (D:13)
  Erolcha (D:13)
  2 tengu warriors
  Urug (D:13)
  A hell hog (D:14)
  2 unseen horrors
  2 hill giants
  A wizard (D:13)
  2 necromancers
  A manticore (D:15)
  A deep elf mage (D:12)
  6 ugly things
  Psyche (D:11)
  4 centaur skeletons
  A kobold demonologist (D:11)
  2 freezing wraiths
  A komodo dragon (D:14)
  2 tengu conjurers
  A wolf spider (D:14)
  5 trolls
  A jumping spider (shapeshifter) (D:15)
  A two-headed ogre (D:13)
  Prince Ribbit (D:8)
  5 slime creatures
  17 yaks
  2 wyverns
  2 wraiths
  3 shadows
  5 hippogriffs
  2 hungry ghosts
  9 vampire mosquitoes (D:13)
  A basilisk (D:13)
  Menkaure (D:6)
  3 sky beasts
  2 orc warriors (D:7)
  4 ice beasts
  2 black bears
  A necrophage (D:13)
  2 phantoms
  A wasp (D:12)
  5 ogres
  7 centaurs
  5 crocodiles
  3 big kobolds
  A gnoll sergeant (D:12)
  2 giant frogs
  A wyvern zombie (D:14)
  2 wyvern skeletons
  6 scorpions
  17 killer bees
  5 wights (D:10)
  An electric eel (D:14)
  6 howler monkeys
  8 crimson imps
  2 hounds
  6 orc wizards
  4 orc priests
  A giant frog skeleton (D:12)
  A jelly (D:6)
  2 iguanas
  10 worker ants
  A polar bear simulacrum (D:10)
  2 yak simulacra (D:10)
  A killer bee zombie (D:7)
  3 wolf simulacra (D:10)
  A hound zombie (D:11)
  2 hound skeletons
  A mummy (D:7)
  9 adders
  4 gnolls (D:12)
  4 worker ant zombies
  9 shadow imps
  An ooze (D:3)
  3 adder skeletons
  3 adder zombies
  2 worms
  3 dart slugs
  5 giant geckos
  37 orcs
  3 bats
  A giant cockroach (D:2)
  8 goblins
  4 hobgoblins
  6 jackals
  5 quokkas
  A giant cockroach zombie (D:5)
  5 giant newts
  12 kobolds
  A quokka zombie (D:7)
  3 rats
  5 river rat simulacra (D:10)
347 creatures vanquished.

Vanquished Creatures (collateral kills)
  A kobold demonologist (D:11)
  2 yaks (D:11)
3 creatures vanquished.

Vanquished Creatures (others)
  An ogre (D:7)
  2 hounds (D:7)
  2 orc wizards (D:7)
  An iguana (D:7)
  A worker ant (D:5)
  An adder (D:7)
  A shadow imp (D:5)
  An ooze (D:7)
  A dart slug (D:5)
  A giant gecko (D:7)
  2 quokkas (D:7)
14 creatures vanquished.

Grand Total: 364 creatures vanquished

Notes
Turn   | Place    | Note
--------------------------------------------------------------
     0 | D:1      | magog001 the Minotaur Fighter began the quest for the Orb.
     0 | D:1      | Reached XP level 1. HP: 19/19 MP: 0/0
   439 | D:1      | Reached XP level 2. HP: 24/27 MP: 1/1
  1062 | D:2      | Found a stormy altar of Qazlal.
  1113 | D:2      | Reached XP level 3. HP: 33/33 MP: 2/2
  1187 | D:2      | Found a glowing golden altar of the Shining One.
  1406 | D:3      | Reached skill level 3 in Axes
  1419 | D:3      | Reached XP level 4. HP: 22/41 MP: 3/3
  1626 | D:3      | Found a shattered altar of Ashenzari.
  1947 | D:3      | Reached XP level 5. HP: 47/47 MP: 4/4
  2481 | D:4      | Noticed an ogre
  2488 | D:4      | Killed an ogre
  2488 | D:4      | Reached skill level 4 in Axes
  2488 | D:4      | Reached skill level 5 in Armour
  2488 | D:4      | Reached skill level 5 in Shields
  2544 | D:4      | Found an opulent altar of Gozag.
  2630 | D:4      | Reached XP level 6. HP: 39/55 MP: 5/5
  2927 | D:4      | Reached skill level 5 in Fighting
  3321 | D:4      | Reached skill level 5 in Axes
  3321 | D:4      | Reached XP level 7. HP: 19/61 MP: 6/6
  3707 | D:5      | Entered Level 5 of the Dungeon
  3721 | D:5      | Found a deep blue altar of Sif Muna.
  4334 | D:5      | Found a basalt altar of Yredelemnul.
  4336 | D:5      | Noticed a profane servitor
  4343 | D:5      | Found a glowing golden altar of the Shining One.
  4345 | D:5      | Noticed an angel
  4357 | D:5      | Found a radiant altar of Vehumet.
  4395 | D:5      | Found a glowing silver altar of Zin.
  4400 | D:5      | Found a burning altar of Makhleb.
  4715 | D:5      | Found a staircase to the Ecumenical Temple.
  4729 | Temple   | Entered the Ecumenical Temple
  4895 | D:5      | Found an oddly glowing altar of Pakellas.
  4975 | D:5      | Found a stormy altar of Qazlal.
  5231 | D:6      | Noticed Menkaure
  5245 | D:6      | Killed Menkaure
  5245 | D:6      | Reached skill level 6 in Axes
  5245 | D:6      | Reached XP level 8. HP: 27/70 MP: 7/7
  5735 | D:6      | Found a white marble altar of Elyvilon.
  6313 | D:7      | Reached skill level 7 in Axes
  6515 | D:7      | Found a sparkling altar of Nemelex Xobeh.
  6528 | D:7      | Became a worshipper of Nemelex Xobeh the Trickster
  6587 | D:7      | Received a gift from Nemelex Xobeh
  6598 | D:7      | Reached XP level 9. HP: 72/78 MP: 8/8
  6686 | D:7      | Found a shimmering altar of Xom.
  6738 | D:7      | Noticed an ice statue
  6788 | D:7      | Found a snail-covered altar of Cheibriados.
  7537 | D:8      | Got a jewelled chain mail
  7548 | D:8      | Identified the +5 chain mail of Bycom {*Corrode rPois MR++ Str+10} (You found it on level 8 of the Dungeon)
  7781 | D:8      | Noticed Prince Ribbit
  7806 | D:8      | Killed Prince Ribbit
  7806 | D:8      | Reached skill level 1 in Throwing
  7920 | D:8      | Found Feli's Magic Scroll Boutique.
  7928 | D:8      | Bought a scroll of magic mapping for 38 gold pieces
  7928 | D:8      | Bought a scroll of remove curse for 33 gold pieces
  7928 | D:8      | Bought a scroll of recharging for 104 gold pieces
  7928 | D:8      | Bought a scroll of identify for 22 gold pieces
  8064 | D:8      | Found Kegiunet's Weapon Shoppe.
  8126 | D:8      | Found a blossoming altar of Fedhas.
  8136 | D:8      | Found Xotukhlaa's Antique Weapon Emporium.
  8396 | D:9      | Reached skill level 8 in Axes
  8698 | D:9      | Received a gift from Nemelex Xobeh
  8835 | D:9      | Reached XP level 10. HP: 65/90 MP: 9/9
  8951 | D:9      | Found a sacrificial altar of Ru.
  9120 | D:10     | Entered Level 10 of the Dungeon
  9122 | D:10     | Reached * piety under Nemelex Xobeh
  9172 | D:10     | Found Pyiroz's General Store.
  9182 | D:10     | Bought a potion of curing for 45 gold pieces
  9182 | D:10     | Bought a royal jelly for 30 gold pieces
  9182 | D:10     | Bought a scroll of identify for 30 gold pieces
  9196 | D:10     | Reached skill level 10 in Shields
  9297 | D:10     | Noticed a necromancer
  9308 | D:10     | Killed a necromancer
  9308 | D:10     | Reached skill level 9 in Axes
  9334 | D:10     | Reached skill level 10 in Armour
  9400 | D:10     | Received a gift from Nemelex Xobeh
  9480 | D:10     | Killed an unseen horror
  9498 | D:10     | Gained mutation: You are resistant to electric shocks. [mutagenic meat]
  9499 | D:10     | Gained mutation: Your muscles are strong. (Str +2) [mutagenic meat]
  9500 | D:10     | Gained mutation: You are agile. (Dex +2) [mutagenic meat]
  9501 | D:10     | Gained mutation: Your natural rate of healing is unusually fast. [mutagenic meat]
  9502 | D:10     | Gained mutation: Your magical capacity is low (-10% MP). [mutagenic meat]
  9503 | D:10     | Gained mutation: You are robust (+10% HP). [mutagenic meat]
  9879 | D:10     | Bought an uncursed ring of see invisible for 225 gold pieces
  9949 | D:10     | Reached skill level 10 in Axes
 10026 | D:10     | Found Fudd's Assorted Antiques.
 10043 | D:10     | Bought a white potion for 20 gold pieces
 10060 | D:10     | Received a gift from Nemelex Xobeh
 10074 | D:10     | Reached ** piety under Nemelex Xobeh
 10271 | D:11     | Found Qimuahaawn's Distillery.
 10336 | D:11     | Found a staircase to the Lair.
 10756 | D:11     | Noticed Psyche
 10876 | D:11     | Noticed a green ugly thing
 10891 | D:11     | Killed a green ugly thing
 10924 | D:11     | Reached XP level 11. HP: 100/108 MP: 8/8
 11420 | D:11     | Killed Psyche
 11428 | D:11     | Reached skill level 10 in Fighting
 11529 | D:11     | Received a gift from Nemelex Xobeh
 11676 | D:12     | Found a staircase to the Orcish Mines.
 11685 | D:12     | Noticed a hill giant
 11690 | D:12     | Noticed a deep elf mage
 11717 | D:12     | Killed a hill giant
 11727 | D:12     | Killed a deep elf mage
 11793 | D:12     | Reached skill level 11 in Axes
 11851 | D:12     | Found a glowing silver altar of Zin.
 11915 | D:12     | Reached *** piety under Nemelex Xobeh
 11920 | D:12     | Noticed a white ugly thing
 11938 | D:12     | Killed a white ugly thing
 12064 | D:12     | Found a portal to a secret trove of treasure.
 12402 | D:13     | Received a gift from Nemelex Xobeh
 12402 | D:13     | Noticed an unseen horror
 12413 | D:13     | Killed an unseen horror
 12427 | D:13     | Noticed Erolcha
 12437 | D:13     | Killed Erolcha
 12438 | D:13     | Found Doqasheh's Antique Weapon Shop.
 12490 | D:13     | Noticed a hill giant
 12497 | D:13     | Killed a hill giant
 12497 | D:13     | Reached skill level 12 in Axes
 12702 | D:12     | Reached XP level 12. HP: 113/121 MP: 9/9
 12847 | D:13     | Found a gate to the Vaults.
 12971 | D:13     | Noticed Urug
 12982 | D:13     | Killed Urug
 13067 | D:13     | Reached skill level 13 in Axes
 13128 | D:13     | Noticed a seven-headed hydra
 13130 | D:13     | Noticed a centaur warrior
 13142 | D:13     | Killed an 11-headed hydra
 13149 | D:13     | Killed a centaur warrior
 13533 | D:14     | Received a gift from Nemelex Xobeh
 13572 | D:14     | Reached **** piety under Nemelex Xobeh
 13775 | D:14     | Noticed a spark wasp
 13775 | D:14     | a green ugly thing changed into a spark wasp
 13779 | D:14     | Noticed a tengu warrior
 13780 | D:14     | Reached skill level 1 in Evocations
 13788 | D:14     | Killed a tengu warrior
 13832 | D:14     | Killed a spark wasp
 13832 | D:14     | Reached skill level 14 in Axes
 13832 | D:14     | Reached XP level 13. HP: 124/130 MP: 11/11
 13935 | D:14     | Found a deep blue altar of Sif Muna.
 14327 | D:15     | Entered Level 15 of the Dungeon
 14354 | D:15     | Received a gift from Nemelex Xobeh
 14679 | D:15     | Found an opulent altar of Gozag.
 14756 | D:15     | Found a staircase to the Depths.
 14759 | D:15     | Noticed a frost giant
 14767 | D:15     | Slain by a frost giant

Skill      XL: |  1  2  3  4  5  6  7  8  9 10 11 12 |
---------------+-------------------------------------+-----
Fighting       | 4 5 6 8 9 11 12 | 12.9
Armour         | 4 5 6 7 8 9 11 12 13 | 13.2
Axes           | 3 4 5 6 7 8 10 12 14 | 14.2
Shields        | 4 5 6 8 9 10 11 13 | 13.5
Throwing       | 1 |  1.6
Evocations     | 1 |  1.8
Dodging        | |  0.4
Stealth        | |  0.3

Action                   |  1- 3 |  4- 6 |  7- 9 | 10-12 | 13-15 || total
-------------------------+-------+-------+-------+-------+-------++-------
Melee: War axe           |    52 |   147 |   164 |       |       ||   363
       Headbutt          |     9 |    30 |    70 |   189 |    34 ||   332
       Hand axe          |       |       |   233 |   570 |   118 ||   921
Throw: Tomahawk          |       |     2 |    11 |       |       ||    13
       Throwing net      |       |       |     2 |     1 |     1 ||     4
Evoke: Wand              |       |       |       |    19 |     2 ||    21
       Sack of spiders   |       |       |       |     1 |       ||     1
       Deck              |       |       |       |     2 |       ||     2
  Use: Scroll            |       |       |    14 |    10 |     2 ||    26
       Potion            |       |       |       |     5 |     2 ||     7
 Stab: Held in net/web   |       |       |       |     2 |       ||     2
       Confused          |       |       |       |     1 |       ||     1
  Eat: Chunk             |     1 |     6 |    10 |    12 |       ||    29
       Pizza             |       |     1 |       |     2 |       ||     3
       Meat ration       |       |       |     2 |     2 |       ||     4
       Beef jerky        |       |       |     1 |       |       ||     1
       Royal jelly       |       |       |       |     2 |       ||     2
Armor: Scale mail        |    27 |    63 |    42 |       |       ||   132
       Plate armour      |       |       |    99 |       |       ||    99
       Chain mail        |       |       |    49 |   333 |    70 ||   452
Dodge: Dodged            |    19 |    50 |   103 |   180 |    25 ||   377
Block: Shield            |    34 |    85 |   164 |       |   102 ||   385
       Buckler           |       |       |    19 |   219 |       ||   238
